 Dungeon Crawl Stone Soup version 0.26-a0-707-g31817bcca1 (webtiles) character file.

Game seed: 18179661774274192582

153997 stormannnn the Protected (level 17, -1/164 HPs)
             Began as a Demonspawn Berserker on Oct 26, 2020.
             Was the Champion of Trog.
             Slain by an emperor scorpion (5 damage)
             ... on level 3 of the Spider Nest on Oct 27, 2020.
             The game lasted 01:36:48 (26562 turns).

stormannnn the Protected (Demonspawn Berserker)    Turns: 26562, Time: 01:36:49

Health: -1/164     AC: 22    Str: 32    XL:     17   Next: 5%
Magic:  0/17       EV: 10    Int:  9    God:    Trog [******]
Gold:   1410       SH: 14    Dex: 19    Spells: 16/16 levels left

rFire    + + .     SeeInvis +   P - +6 shillelagh "Devastator" {shatter}
rCold    . . .     Faith    +   a - +0 kite shield
rNeg     + . .     Spirit   +   b - +1 scale mail of Beogh's Hatred {Rampage Str+4}
rPois    +         Reflect  .   A - +1 helmet {SInv}
rElec    .         Harm     .   i - +0 cloak
rCorr    .         Rampage  +   D - +0 pair of gloves "Fiezerph" {rF+ rN+ Regen+}
MR       +++..                  w - +0 pair of boots
Stlth    +.........             h - amulet of faith
HPRegen  1.77/turn              v - +6 ring of strength
MPRegen  0.15/turn              g - ring "Wyfoa" {rF+ Dex+4 Stlth+}

@: berserk cooldown, regenerating, slowed, very slow
A: claws 2, slimy green scales 3, robust 2, magic shield
a: Berserk, Trog's Hand, Brothers in Arms, Renounce Religion


You were on level 3 of the Spider Nest.
You worshipped Trog.
Trog was exalted by your worship.
You visited 5 branches of the dungeon, and saw 26 of its levels.
You also visited: Bailey and Ice Cave.

You collected 2404 gold pieces.
You spent 994 gold pieces at shops.

Inventory:

Hand Weapons
 x - a +1 lajatang
 P - the +6 shillelagh "Devastator" (weapon) {shatter}
   (You bought it in a shop on level 10 of the Dungeon)
 W - the +4 quarterstaff of Exchange {elec, rElec MP+9 Dex-4}
   (You found it on level 3 of the Lair of Beasts)

   Occasionally, upon striking a foe, it will discharge some electrical energy
   and cause terrible harm.
   It affects your dexterity (-4).
   It insulates you from electricity.
   It affects your magic capacity (+9).
 X - a +4 antimagic quarterstaff
Armour
 a - a +0 kite shield (worn)
 b - the +1 scale mail of Beogh's Hatred (worn) {Rampage Str+4}
   (You found it on level 1 of the Spider Nest)

   It affects your strength (+4).
   It bestows one free step when moving towards enemies.
 i - a +0 cloak (worn)
 w - a +0 pair of boots (worn)
 A - a +1 helmet of see invisible (worn)
 D - the +0 pair of gloves "Fiezerph" (worn) {rF+ rN+ Regen+}
   (You found it on level 7 of the Dungeon)

   It protects you from fire.
   It protects you from negative energy.
   It increases your rate of regeneration.
 G - +0 acid dragon scales
Jewellery
 g - the ring "Wyfoa" (right hand) {rF+ Dex+4 Stlth+}
   (You took it off an orc warrior on level 8 of the Dungeon)

   [ring of stealth]

   It affects your dexterity (+4).
   It protects you from fire.
   It makes you more stealthy.
 h - an amulet of faith (around neck)
 v - a +6 ring of strength (left hand)
Wands
 t - a wand of digging (27)
 I - a wand of enslavement (12)
 L - a wand of random effects (35)
 N - a wand of flame (4)
 O - a wand of acid (15)
 Q - a wand of iceblast (15)
 R - a wand of disintegration (12)
 V - a wand of polymorph (5)
Scrolls
 f - 4 scrolls of blinking
 l - 6 scrolls of enchant weapon
 m - 11 scrolls of remove curse
 n - 15 scrolls of teleportation
 o - 4 scrolls of identify
 s - 4 scrolls of immolation
 y - 6 scrolls of enchant armour {unknown}
 F - a scroll of fog {unknown}
 J - 2 scrolls of noise {unknown}
 K - 2 scrolls of random uselessness {unknown}
 M - 2 scrolls of acquirement {unknown}
 T - 3 scrolls of fear
Potions
 d - 2 potions of stabbing
 e - a potion of cancellation
 j - 5 potions of might
 k - a potion of lignification {unknown}
 p - a potion of brilliance
 u - 4 potions of curing
 z - a potion of haste
 C - 5 potions of berserk rage
 E - 2 potions of degeneration
 H - 5 potions of flight
 S - a potion of ambrosia {unknown}
 U - 3 potions of magic {unknown}
Miscellaneous
 q - a phial of floods
 r - a box of beasts (3/3)
 B - a lightning rod (4/4)


   Skills:
 + Level 13.3 Fighting
 * Level 10.8(12.6) Maces & Flails
   Level 5.6(9.1) Polearms
 - Level 10.8(13.0) Staves
 + Level 13.9 Armour
 - Level 1.7 Dodging
 * Level 10.0 Shields
 + Level 10.8 Evocations


You had 16 spell levels left.
You didn't know any spells.
Your spell library was empty.

Dungeon Overview and Level Annotations

Branches:
Dungeon (14/15)            Temple (0/1) D:6            Lair (6/6) D:11
 Shoals (0/4) Lair:2       Spider (3/4) Lair:3        Slime (1/5) Lair:6
    Orc (2/2) D:9             Elf (0/3) Orc:2        Vaults (0/5) D:14
 Bailey (visited)           IceCv (visited)

Altars:
Elyvilon
Okawaru
Sif Muna
Uskayaw
Zin
Jiyva

Shops:
D:3 *   D:5 }:[[   D:10 *   D:12 *   Orc:2 [*[=

Annotations:
D:8 Maurice
D:13 3 runed translucent doors
Lair:5 3 runed translucent doors, Qeimiotua's ghost, journeyman MiFi


Innate Abilities, Weirdness & Mutations

You have very sharp fingernails.
You are completely covered in slimy green scales. (AC +4, rPois)
You are very robust. (+20% HP)
When hurt, damage is shared between your health and your magic reserves.


Message History

* * * LOW HITPOINT WARNING * * *
The emperor scorpion claws you but does no damage.
The wolf spider completely misses you.
The wolf spider bites you but does no damage.
Okay, then.
Evoke which item? (* to show all) (? for menu, Esc to quit)
Okay, then.
You feel better. You block the redback's attack.
The wolf spider barely misses you. You block the wolf spider's attack.
The tarantella bites you but does no damage.
The emperor scorpion stings you.
* * * LOW HITPOINT WARNING * * *
The emperor scorpion claws you but does no damage.
The emperor scorpion barely misses you. You block the redback's attack.
The tarantella bites you but does no damage.
The wolf spider closely misses you. The wolf spider bites you.
* * * LOW HITPOINT WARNING * * *
An orb spider comes into view.
The emperor scorpion stings you.
You die...

............#..
................
................
................
....#..........#
.......s..s.....
........s......#
.#....†ss.......
.s...<†<@.......
.......†ss......
.#......^......#
..#.......s...#.
. #......#......
#.#....##......
#........ ......
.s..#.... ......
......#. ...


You could see an emperor scorpion, a demonic crawler, a wolf spider, 3 orb
spiders, 2 tarantellas and a redback.

Vanquished Creatures
  Kirke (D:12)
  An emperor scorpion (Spider:1)
  A ghost moth (Spider:1)
  A stone giant (Orc:2)
  2 entropy weavers (Spider:2)
  4 vault guards (D:14)
  3 catoblepae (Lair:6)
  A boulder beetle (D:8)
  10 hydras
  2 centaur warriors
  7 two-headed ogres
  3 tengu warriors
  An ogre mage (D:12)
  7 dancing weapons (Spider:2)
  5 orc high priests (Orc:2)
  7 death yaks (Lair:6)
  Urug (D:11)
  An unseen horror (D:14)
  Pikel (D:4)
  2 lindwurms
  13 wolf spiders
  4 ugly things
  4 orb spiders (Spider:1)
  6 orc knights
  2 manticores (Lair:6)
  3 moths of wrath
  4 cyclopes
  7 elephants
  2 ice statues (IceCv)
  Psyche (D:12)
  Maggie (D:7)
  7 black mambas
  3 torpor snails
  17 cane toads
  9 komodo dragons
  2 gargoyles
  6 demonic crawlers
  A kobold demonologist (D:14)
  12 ice devils (IceCv)
  2 rime drakes
  6 trolls
  12 jumping spiders
  4 polar bears
  Prince Ribbit (D:7)
  4 blink frogs (Lair:6)
  6 slime creatures
  5 hornets
  8 dream sheep (Lair:6)
  A meliai zombie (D:11)
  2 shadows
  Sigmund (D:2)
  25 tarantellas
  52 redbacks
  3 wraiths
  A vampire (D:9)
  5 wyverns
  2 water elementals
  2 hogs (D:12)
  36 yaks
  4 vampire mosquitoes (D:12)
  A warg (Orc:2)
  3 swamp worms (Lair:6)
  3 acid dragons
  A soldier ant (D:13)
  17 water moccasins
  50 orc warriors
  3 ice beasts
  A black bear (D:6)
  7 sky beasts
  16 ogres
  A necrophage (D:14)
  2 centaurs
  21 wolves
  A lemure (D:4)
  4 phantoms
  A big kobold (D:8)
  24 bullfrogs
  A wyvern zombie (D:11)
  7 scorpions
  A water moccasin skeleton (D:11)
  5 killer bees
  10 wights
  10 howler monkeys
  7 electric eels
  2 quasits
  A bullfrog zombie (D:6)
  10 hounds
  6 centaur skeletons
  3 centaur zombies
  28 orc priests
  Crazy Yiuf (D:7)
  9 jellies
  17 orc wizards
  5 iguanas
  9 worker ants
  A killer bee zombie (D:8)
  A hound zombie (D:8)
  2 hound skeletons
  2 worker ant zombies
  8 adders
  4 gnolls (D:5)
  A shadow imp (D:7)
  9 white imps
  6 ufetubi
  An ooze (D:1)
  An adder skeleton (D:6)
  An adder zombie (D:6)
  3 worms
  3 dart slugs
  4 leopard geckos
  104 orcs
  7 bats
  5 giant cockroaches
  5 hobgoblins (D:2)
  10 jackals
  12 kobolds
  4 quokkas
  8 frilled lizards
  14 goblins
  A quokka zombie (D:7)
  12 rats
864 creatures vanquished.

Vanquished Creatures (collateral kills)
  An Ice Fiend (IceCv)
  A hydra (D:8)
  An orc (Bailey)
3 creatures vanquished.

Vanquished Creatures (others)
  A jumping spider (Spider:1)
  A human (D:12)
  An ogre (D:12)
  A jelly (Lair:6)
  A hound (D:13)
  4 white imps (IceCv)
  4 ufetubi (IceCv)
  29 fungi
  67 plants
109 creatures vanquished.

Grand Total: 976 creatures vanquished

Notes
Turn   | Place    | Note
-------+----------+-------------------------------------------
     0 | D:1      | stormannnn the Demonspawn Berserker began the quest for the
                  | Orb.
     0 | D:1      | Reached XP level 1. HP: 18/18 MP: 1/1
   334 | D:1      | Gained mutation: When hurt, damage is shared between your
                  | health and your magic reserves. [demonic ancestry]
   334 | D:1      | Reached XP level 2. HP: 22/24 MP: 2/2
   631 | D:1      | Reached ** piety under Trog
   668 | D:1      | Gained mutation: You are partially covered in slimy green
                  | scales. (AC +2) [demonic ancestry]
   668 | D:1      | Reached XP level 3. HP: 29/29 MP: 3/3
  1548 | D:2      | Noticed Sigmund
  1562 | D:2      | Reached XP level 4. HP: 35/35 MP: 1/4
  1569 | D:2      | Killed Sigmund
  1569 | D:2      | Reached XP level 5. HP: 42/42 MP: 2/5
  1998 | D:3      | Reached *** piety under Trog
  2069 | D:2      | Gained mutation: You are mostly covered in slimy green
                  | scales. (AC +3) [demonic ancestry]
  2069 | D:2      | Reached XP level 6. HP: 38/48 MP: 3/6
  2308 | D:3      | Found Zin's Purification Station.
  2311 | D:3      | Found a glowing silver altar of Zin.
  2461 | D:3      | Found an iron altar of Okawaru.
  2763 | D:3      | Found a shimmering blue altar of Sif Muna.
  2881 | D:4      | Reached **** piety under Trog
  2959 | D:4      | Noticed Pikel
  2981 | D:4      | Killed Pikel
  2981 | D:4      | Reached skill level 5 in Polearms
  2981 | D:4      | Reached skill level 5 in Armour
  2981 | D:4      | Gained mutation: You have sharp fingernails. [demonic
                  | ancestry]
  2981 | D:4      | Reached XP level 7. HP: 55/55 MP: 3/7
  3161 | D:4      | Reached skill level 5 in Fighting
  3161 | D:4      | Reached skill level 1 in Staves
  3774 | D:4      | Gained mutation: You are robust. (+10% HP) [demonic
                  | ancestry]
  3774 | D:4      | Reached XP level 8. HP: 68/68 MP: 6/8
  4307 | D:5      | Entered Level 5 of the Dungeon
  4318 | D:5      | Found Urchiol's Armour Boutique.
  4582 | D:5      | Found Lovisso's Armour Shoppe.
  4653 | D:5      | Bought a +1 helmet of see invisible for 214 gold pieces
  4978 | D:5      | Found Rojioc's Gadget Shoppe.
  5115 | D:5      | Found Norharch's Book Shop.
  5732 | D:6      | Reached XP level 9. HP: 62/75 MP: 7/9
  5835 | D:6      | Reached ***** piety under Trog
  6118 | D:6      | Found a staircase to the Ecumenical Temple.
  6435 | D:7      | Got a pair of jewelled gloves
  6447 | D:7      | Identified the +0 pair of gloves "Fiezerph" {rF+ rN+
                  | Regen+} (You found it on level 7 of the Dungeon)
  6533 | D:7      | Reached skill level 5 in Staves
  6757 | D:7      | Noticed Prince Ribbit
  6768 | D:7      | Killed Prince Ribbit
  6841 | D:7      | Noticed Maggie
  6852 | D:7      | Killed Maggie
  6995 | D:7      | Found a flagged portal.
  7741 | D:8      | Paralysed by a hornet for 2 turns
  7793 | D:8      | Noticed a boulder beetle
  7806 | D:8      | Killed a boulder beetle
  7806 | D:8      | Reached XP level 10. HP: 81/86 MP: 10/10
  7887 | D:8      | Noticed a six-headed hydra
  7893 | D:8      | Killed a six-headed hydra
  7942 | D:8      | Identified the ring "Wyfoa" {rF+ Dex+4 Stlth+}
  7969 | D:8      | Noticed a two-headed ogre
  8008 | D:8      | Noticed a seven-headed hydra
  8013 | D:8      | Killed a two-headed ogre
  8193 | D:7      | Found a runed translucent door.
  8194 | D:7      | Noticed Crazy Yiuf
  8201 | D:7      | Killed Crazy Yiuf
  8281 | D:8      | Noticed a centaur warrior
  8368 | D:8      | Noticed a purple ugly thing
  8398 | D:8      | Killed a purple ugly thing
  8475 | D:8      | Noticed Maurice
  8619 | D:8      | Reached skill level 10 in Armour
  8820 | D:8      | Identified the cursed +1 long sword of Spite {holy, rF++
                  | Str-4 Int+3 Dex+3}
  8833 | D:8      | Reached XP level 11. HP: 66/94 MP: 5/11
  9036 | D:8      | Killed a centaur warrior
  9182 | D:9      | Found a hide-covered altar of Uskayaw.
  9182 | D:9      | Noticed a -2 hand axe
  9182 | D:9      | Noticed a +0 hand axe
  9361 | D:9      | Received a gift from Trog
  9749 | D:9      | Found a staircase to the Orcish Mines.
  9927 | D:10     | Entered Level 10 of the Dungeon
  9939 | D:10     | Noticed a two-headed ogre
  9950 | D:10     | Reached skill level 1 in Evocations
  9956 | D:10     | Killed a two-headed ogre
 10007 | D:10     | Found a flagged portal.
 10033 | Bailey   | Entered a bailey
 10148 | Bailey   | Received a gift from Trog
 10554 | Bailey   | Noticed an orc knight
 10566 | Bailey   | Killed an orc knight
 10761 | D:10     | Found Zeruxt's Mayhem Merchandise.
 10773 | D:10     | Found a white marble altar of Elyvilon.
 11048 | D:11     | Noticed a green ugly thing
 11061 | D:11     | Killed a green ugly thing
 11155 | D:11     | Noticed Urug
 11161 | D:11     | Killed Urug
 11318 | D:11     | Noticed a purple ugly thing
 11326 | D:11     | Killed a purple ugly thing
 11367 | D:11     | Noticed a five-headed hydra
 11377 | D:11     | Killed a five-headed hydra
 11377 | D:11     | Gained mutation: You are completely covered in slimy green
                  | scales. (AC +4, rPois) [demonic ancestry]
 11377 | D:11     | Reached XP level 12. HP: 105/105 MP: 10/12
 11662 | D:11     | Reached skill level 10 in Staves
 11815 | D:11     | Received a gift from Trog
 12023 | D:11     | Found a staircase to the Lair.
 12334 | D:12     | Noticed Psyche
 12341 | D:12     | Killed Psyche
 12341 | D:12     | Reached skill level 10 in Fighting
 12367 | D:12     | Noticed a two-headed ogre
 12385 | D:12     | Reached skill level 5 in Evocations
 12395 | D:12     | Killed a two-headed ogre
 12633 | D:12     | Noticed Kirke
 12643 | D:12     | Killed Kirke
 12880 | D:12     | Noticed a two-headed ogre
 12881 | D:12     | Noticed an ogre mage
 12892 | D:12     | Noticed a two-headed ogre
 12905 | D:12     | Killed a two-headed ogre
 12906 | D:12     | Noticed a two-headed ogre
 12911 | D:12     | Killed a two-headed ogre
 12922 | D:12     | Killed an ogre mage
 12931 | D:12     | Killed a two-headed ogre
 12932 | D:12     | HP: 3/108 [ogre/+0 giant spiked club (16)]
 13599 | D:12     | Found Oripo's General Store.
 13653 | D:12     | Noticed a two-headed ogre
 13675 | D:12     | Killed a two-headed ogre
 13942 | D:12     | Received a gift from Trog
 14387 | D:13     | Reached XP level 13. HP: 100/115 MP: 10/13
 14553 | D:10     | Bought the +6 shillelagh "Devastator" {shatter} for 780
                  | gold pieces
 14553 | D:10     | Found the +6 shillelagh "Devastator" {shatter}
 14748 | D:13     | Reached skill level 1 in Maces & Flails
 14861 | D:13     | Found a viscous altar of Jiyva.
 14979 | D:13     | Found a runed translucent gate.
 14979 | D:13     | Found a runed translucent gate.
 14979 | D:13     | Found a runed translucent gate.
 14979 | D:13     | Noticed a purple very ugly thing
 15414 | D:14     | Received a gift from Trog
 15772 | D:14     | Found a gate to the Vaults.
 16109 | Orc:1    | Entered Level 1 of the Orcish Mines
 16119 | Orc:1    | Reached skill level 5 in Maces & Flails
 16275 | Orc:2    | Entered Level 2 of the Orcish Mines
 16362 | Orc:2    | Noticed a stone giant
 16373 | Orc:2    | Killed a stone giant
 16534 | Orc:2    | Reached ****** piety under Trog
 16638 | Orc:2    | Received a gift from Trog
 16877 | Orc:2    | Found a staircase to the Elven Halls.
 16982 | Orc:2    | Reached XP level 14. HP: 123/125 MP: 12/14
 17168 | Orc:2    | Found Lonloakkee's Antique Armour Boutique.
 17211 | Orc:2    | Found Cetot's Armour Boutique.
 17213 | Orc:2    | Found Suotu's Assorted Antiques.
 17216 | Orc:2    | Found Syvet's Jewellery Boutique.
 17618 | Lair:1   | Entered Level 1 of the Lair of Beasts
 18131 | Lair:1   | Reached skill level 1 in Shields
 18754 | Lair:1   | Reached skill level 5 in Shields
 18754 | Lair:1   | Reached XP level 15. HP: 132/132 MP: 15/15
 18981 | Lair:2   | Found a staircase to the Shoals.
 19738 | Lair:3   | Got a pitted quarterstaff
 19744 | Lair:3   | Identified the +4 quarterstaff of Exchange {elec, rElec
                  | MP+9 Dex-4} (You found it on level 3 of the Lair of Beasts)
 19838 | Lair:3   | Found a hole to the Spider Nest.
 19890 | Lair:3   | Received a gift from Trog
 21572 | Lair:5   | Found a runed translucent gate.
 21573 | Lair:5   | Noticed Qeimiotua's ghost (journeyman MiFi)
 21574 | Lair:5   | Found a runed translucent gate.
 21575 | Lair:5   | Found a runed translucent gate.
 22174 | Lair:6   | Entered Level 6 of the Lair of Beasts
 22739 | Lair:6   | Gained mutation: You are very robust. (+20% HP) [demonic
                  | ancestry]
 22739 | Lair:6   | Reached XP level 16. HP: 130/154 MP: 16/16
 22782 | Lair:6   | Received a gift from Trog
 22999 | Lair:6   | Found a staircase to the Slime Pits.
 23084 | Lair:6   | Reached skill level 10 in Evocations
 23302 | Lair:6   | Got a steaming pewter amulet
 23303 | Lair:6   | Identified the amulet "Xidwaleo" {Spirit rC- rN+ Str+9
                  | Dex-4} (You found it on level 6 of the Lair of Beasts)
 23788 | Slime:1  | Entered Level 1 of the Pits of Slime
 23874 | Spider:1 | Entered Level 1 of the Spider Nest
 24165 | Spider:1 | Got a translucent scale mail
 24180 | Spider:1 | Received a gift from Trog
 24351 | Spider:1 | Reached skill level 10 in Maces & Flails
 24496 | Spider:1 | Found a frozen archway.
 24539 | IceCv    | Entered an ice cave
 25021 | IceCv    | Noticed an Ice Fiend
 25033 | IceCv    | HP: 6/156 [Ice Fiend/bolt of cold (29)]
 25034 | IceCv    | Killed an Ice Fiend
 25040 | IceCv    | Noticed an Ice Fiend
 25444 | Spider:2 | Received a gift from Trog
 25913 | Spider:2 | Found a runed translucent door.
 26236 | Spider:2 | Identified the +1 scale mail of Beogh's Hatred {Rampage
                  | Str+4} (You found it on level 1 of the Spider Nest)
 26525 | Spider:3 | Gained mutation: You have very sharp fingernails. [demonic
                  | ancestry]
 26525 | Spider:3 | Reached XP level 17. HP: 164/164 MP: 17/17
 26539 | Spider:3 | Reached skill level 10 in Shields
 26561 | Spider:3 | HP: 3/164 [emperor scorpion (8)]
 26562 | Spider:3 | Slain by an emperor scorpion

Illustrated notes

Levels and vault maps discovered:
D:1:      scummos_arrival_simple_crosswalls, layout_rooms
D:2:      minmay_alternating_diamond, layout_loops_ring, minmay_tall_x,
          uniq_sigmund
D:3:      layout_rooms, zin_purify, lemuel_blue_sif_altar,
          overflow_temple_1_default
D:4:      layout_basic, uniq_pikel
D:5:      cheibrodos_helix_gallery, layout_basic, serial_shops,
          kennysheep_little_box, nicolae_shop_crystal, kennysheep_mini, shop
D:6:      black_bear_nest_2, layout_rooms, minmay_temple_entry_purple_smoke,
          nrook_pool_corridor
D:7:      layout_layer_cave, enter_bailey_8, uniq_crazy_yiuf_cottage,
          uniq_prince_ribbit1, uniq_maggie
D:8:      minmay_the_grid_octo_tiled_squarecenter [minmay_the_grid_octo_teeth,
          minmay_the_grid_octo_fan_narrow, minmay_the_grid_octo_77,
          minmay_the_grid_octo_pinwheel,
          minmay_the_grid_square_5x5_megaprize_diamond,
          minmay_the_grid_square_5x5_two_small,
          minmay_the_grid_square_5x5_tetrominoes,
          minmay_the_grid_square_5x5_corner,
          minmay_the_grid_square_5x5_checkered_statues], layout_basic,
          uniq_maurice
D:9:      layout_irregular_city, dancing_weapons_uskayaw, hiddenorc1_lemuel
D:10:     layout_rooms, enter_bailey_3, minmay_shop_mayhem,
          minmay_misc_feat_plants, lemuel_tele_altar
D:11:     layout_roguey, lair_entry_dummy, uniq_urug
D:12:     layout_basic, serial_shops, shop, minmay_misc_feat_encased,
          uniq_psyche, uniq_kirke
D:13:     layout_basic, ploomutoo_gammafunk_ghost_potion_laboratory,
          jiyva_altar_1
D:14:     layout_rooms, lightli_vaults_fourway_checkpoint,
          minmay_staircase_windowed_small
Lair:1:   layout_regular_city, infiniplex_staircase_pool
Lair:2:   layout_regular_city, shoals_dummy_entry
Lair:3:   layout_cave_pods, spider_nest_entry_webs, wad_woods_road_02,
          serial_bayou_pond_d, grunt_megastairs_3, lemuel_fruit_tree
Lair:4:   layout_misc_corridors
Lair:5:   layout_gridlike, gammafunk_ghost_hydra_chop
Lair:6:   evilmike_catoblepas_cave, layout_long_grid,
          minmay_slime_entry_pillars, worms_lemuel, serial_bayou_shore_b,
          grunt_megastairs_4
Spider:1: layout_spider_delve, portal_ice_cave_entry_pillars_three
Spider:2: cheibrodos_spider_deadly_dance
Spider:3: nicolae_spider_mines_1
Slime:1:  layout_caves
Orc:1:    layout_caves, uniq_gastronok, uniq_nergalle, uniq_erolcha
Orc:2:    st_orc_pillars, layout_diamond_mine

Skill      XL: |  1  2  3  4  5  6  7  8  9 10 11 12 13 14 15 16 17 |
---------------+----------------------------------------------------+-----
Armour         | 2 3 5 7 8 10 11 12 13 | 13.9
Polearms       | 3 4 5 |  5.6
Fighting       | 4 5 6 7 8 9 10 11 12 13 | 13.3
Staves         | 1 4 6 8 9 10 | 10.8
Evocations     | 4 6 8 9 10 | 10.8
Maces & Flails | 6 7 8 10 | 10.8
Shields        | 5 7 9 10 | 10.0
Dodging        | |  1.7

Action                   |  1- 3 |  4- 6 |  7- 9 | 10-12 | 13-15 | 16-18 || total
-------------------------+-------+-------+-------+-------+-------+-------++-------
Melee: Spear             |   147 |   255 |       |       |       |       ||   402
       Lajatang          |       |       |   255 |   297 |       |       ||   552
       Quarterstaff      |       |       |       |   507 |       |       ||   507
       Unarmed           |       |       |       |     3 |       |       ||     3
       Shillelagh        |       |       |       |       |   624 |   491 ||  1115
Invok: Berserk           |     3 |     2 |     8 |    15 |     7 |     2 ||    37
       Trog's Hand       |     1 |       |     1 |     4 |     2 |     3 ||    11
       Brothers in Arms  |       |       |       |     2 |       |     3 ||     5
Evoke: Wand              |       |       |       |     2 |     9 |     3 ||    14
       Lightning rod     |       |       |       |     6 |       |     2 ||     8
       Box of beasts     |       |       |       |     3 |       |       ||     3
       Phial of floods   |       |       |       |     2 |       |     1 ||     3
  Use: Scroll            |       |     2 |     6 |     3 |     7 |     4 ||    22
       Potion            |       |       |       |     9 |     7 |     5 ||    21
 Stab: Sleeping          |     3 |       |     1 |     8 |     2 |       ||    14
       Distracted        |       |       |       |     2 |     1 |     1 ||     4
       Petrified         |       |       |       |       |     1 |     2 ||     3
Armor: Animal skin       |    31 |     2 |       |       |       |       ||    33
       Scale mail        |       |    94 |   134 |       |       |    80 ||   308
       Acid dragon scale |       |       |    11 |   415 |   326 |   202 ||   954
Dodge: Dodged            |    74 |   103 |   130 |   536 |   318 |   206 ||  1367
Block: Kite shield       |       |       |       |       |   164 |   302 ||   466

Table legend: (Time is in decaauts)
 A = Elapsed time spent in this place.
 B = Non-inter-level travel time spent in this place.
 C = Inter-level travel time spent in this place.
 D = Time resting spent in this place.
 E = Time spent auto-exploring this place.
 F = Levels seen in this place.
 G = Mean time per level.
                   A        B        C        D        E       F      G
               +--------+--------+--------+--------+--------+-----+--------+
         Total |  26579 |  25052 |   1527 |   6016 |  12888 |  28 |  949.2 |
       Dungeon |  16066 |  15026 |   1040 |   4014 |   7376 |  14 | 1147.6 |
          Lair |   6039 |   5814 |    225 |    713 |   3909 |   6 | 1006.5 |
   Spider Nest |   1808 |   1747 |     61 |    423 |    839 |   3 |  602.7 |
    Slime Pits |      1 |      1 |      0 |      0 |      0 |   1 |    1.0 |
  Orcish Mines |   1383 |   1183 |    200 |    278 |    539 |   2 |  691.5 |
        Bailey |    638 |    638 |      0 |    220 |    154 |   1 |  638.0 |
      Ice Cave |    640 |    640 |      0 |    365 |     70 |   1 |  640.0 |
               +--------+--------+--------+--------+--------+-----+--------+

Top non-repeatable levels by time:
    D:12: 2188 daAuts
     D:7: 1608 daAuts
     D:4: 1536 daAuts
    D:11: 1528 daAuts
  Lair:6: 1465 daAuts
     D:2: 1216 daAuts
   Orc:2: 1204 daAuts
  Lair:3: 1187 daAuts
     D:6: 1127 daAuts
     D:8: 1111 daAuts
     D:5: 1037 daAuts
  Lair:5: 1020 daAuts
Spider:2: 958 daAuts
    D:13: 923 daAuts
     D:9: 919 daAuts
